 Dungeon Crawl Stone Soup version 0.28-a0-1147-gc7b72d3202 (webtiles) character file.

Game seed: 1093310579159736860

8 BinkBink the Chopper (level 2, 0/26 HPs)
             Began as a Hill Orc Monk on Dec 14, 2021.
             Slain by a quokka (1 damage)
             ... on level 1 of the Dungeon.
             The game lasted 00:00:44 (419 turns).

BinkBink the Chopper (Hill Orc Monk)                 Turns: 419, Time: 00:00:44

Health: 0/26       AC:  2    Str: 13    XL:     2   Next: 8%
Magic:  2/2        EV: 12    Int: 10    God:
Gold:   16         SH:  0    Dex: 13    Spells: 1/1 levels left

rFire   . . .      SeeInvis .   a - +1 hand axe
rCold   . . .      Faith    .   (no shield)
rNeg    . . .      Spirit   .   b - +0 robe
rPois   .          Reflect  .   (no helmet)
rElec   .          Harm     .   (no cloak)
rCorr   .          Rampage  .   (no gloves)
Will    .....                   (no boots)
Stlth   ++........              (no amulet)
HPRegen 0.08/turn               (no ring)
MPRegen 0.08/turn               (no ring)

@: no status effects
A: no striking features
a: no special abilities


You were on level 1 of the Dungeon.
You visited 1 branch of the dungeon, and saw 1 of its levels.

You collected 16 gold pieces.

Inventory:

Hand Weapons
 a - a +1 hand axe (weapon)
Armour
 b - a +0 robe (worn)


   Skills:
 - Level 3.6 Fighting
 + Level 4.8 Axes
 - Level 2.4 Dodging
 - Level 1.5 Stealth


You had one spell level left.
You didn't know any spells.
Your spell library was empty.

Dungeon Overview and Level Annotations

Branches:
Dungeon (1/15)

Altars:


Message History

The goblin misses you. The quokka completely misses you.
You barely miss the hobgoblin. You hit the quokka but do no damage.
You closely miss the goblin.
The quokka bites you but does no damage.
The hobgoblin misses you. The goblin closely misses you.
The hobgoblin hits you. The quokka barely misses you.
You closely miss the hobgoblin. You hit the goblin.
You closely miss the quokka. The goblin misses you.
The quokka closely misses you. The hobgoblin misses you.
The goblin hits you but does no damage.
You hit the goblin.
You kill the goblin!
You closely miss the hobgoblin. You miss the quokka.
The quokka barely misses you. The hobgoblin closely misses you.
You hit the hobgoblin but do no damage. You hit the quokka but do no damage.
The quokka bites you. The hobgoblin barely misses you.
You closely miss the hobgoblin. You closely miss the quokka.
The quokka bites you but does no damage.
The hobgoblin misses you. The quokka bites you.
You closely miss the hobgoblin. You hit the quokka but do no damage.
The hobgoblin misses you. The quokka closely misses you.
You barely miss the hobgoblin. You closely miss the quokka.
The quokka bites you. The hobgoblin misses you. The quokka bites you.
You barely miss the quokka. The quokka barely misses you. The quokka bites you.
* * * LOW HITPOINT WARNING * * *
You hit the quokka but do no damage. The quokka bites you.
* * * LOW HITPOINT WARNING * * *
The quokka closely misses you. The quokka barely misses you.
The quokka closely misses you. The quokka bites you.
* * * LOW HITPOINT WARNING * * *
You aren't carrying any potions.
As you read the scroll labelled VIKHYT FASEOVOMPA, it crumbles to dust.
It is a scroll of enchant weapon.
Your +0 hand axe glows red for a moment.
The quokka barely misses you.
You hit the quokka but do no damage. The quokka bites you.
You die...

#.#####....≈≈.........≈≈..# #.###
............≈≈.♣..8..≈≈...# #.# #
#.##.........≈≈....♣≈≈....# #.# #
#.##.###..#...≈≈≈.≈≈≈..#..###.###
#.##.###...#.....................
..##†.........................###
.......#..............)...###.# #
.......#..#...gr..........# #.# #
.......#.......(@.......#.# ### #
########.##...........>..... #
........#####....##.#... . .
...#....# ###..##.#.## ## ...
.......# #..##.# # ...# .#.###
...# #### #. ##.#


You could see a quokka and a hobgoblin.

Vanquished Creatures
  A bat (D:1)
  An endoplasm (D:1)
  A giant cockroach (D:1)
  2 goblins (D:1)
  2 frilled lizards (D:1)
7 creatures vanquished.

Notes
Turn   | Place    | Note
-------+----------+-------------------------------------------
     0 | D:1      | BinkBink the Hill Orc Monk began the quest for the Orb.
     0 | D:1      | Reached XP level 1. HP: 19/19 MP: 1/1
   364 | D:1      | Reached XP level 2. HP: 26/26 MP: 2/2
   415 | D:1      | HP: 1/26 [quokka (4)]
   419 | D:1      | Slain by a quokka

Illustrated notes

Levels and vault maps discovered:
D:1:      moated_graveyard_arrival, layout_basic

Action                   || total
-------------------------++-------
Melee: Hand axe          ||    27
  Use: Scroll            ||     1
 Stab: Sleeping          ||     1
Armor: Robe              ||     4
Dodge: Dodged            ||    29

Table legend: (Time is in decaauts)
 A = Elapsed time spent in this place.
 B = Non-inter-level travel time spent in this place.
 C = Inter-level travel time spent in this place.
 D = Time resting spent in this place.
 E = Time spent auto-exploring this place.
 F = Levels seen in this place.
 G = Mean time per level.
                   A        B        C        D        E       F      G
               +--------+--------+--------+--------+--------+-----+--------+
         Total |    421 |    421 |      0 |      0 |    329 |   1 |  421.0 |
       Dungeon |    421 |    421 |      0 |      0 |    329 |   1 |  421.0 |
               +--------+--------+--------+--------+--------+-----+--------+

Top non-repeatable levels by time:
     D:1: 421 daAuts
